Map: Traitor's Exile

Players

WOLF

  • Race: Terran Terran
  • League: Diamond
  • Spawn Location: 6:00

Xerxes

  • Race: Terran Terran
  • Spawn Location: 5:00

OpuS

  • Race: Protoss Protoss
  • League: Platinum
  • Spawn Location: 12:00

Sketchaphone

  • Race: Zerg Zerg
  • League: Platinum
  • Spawn Location: 9:00

VOD

Have the link to the VOD?

Description

Time

  • Played on: Feb. 10, 2019, 9:09 p.m.
  • Length: 11:49
Show
View Real Time Build Order
Export as new Build Order

WOLF Terran 

Build Orders:  

Get SALT Encoding   

  12  0:03  SCV  
  13  0:15  SCV  
  13  0:20  Supply Depot  
  14  0:27  SCV  
  15  0:32  Refinery  
  15  0:42  Barracks  
  15  0:46  SCV  
  16  0:58  SCV  
  16  1:03  Barracks  
  17  1:10  SCV  
  18  1:22  SCV  
  19  1:30  Barracks Tech Lab  
  19  1:36  Orbital Command  
  19  1:49  Stimpack  
  19  1:50  Marine  
  19  1:51  Marine  
  21  1:55  Supply Depot  
  21  2:04  SCV  
  22  2:08  Marine  
  22  2:09  Barracks Reactor  
  23  2:28  Marine, Command Center  
  24  2:45  Marine x2  
  24  2:46  Marine  
  27  2:56  Factory  
  27  2:59  SCV  
  27  3:03  Marine x3  
  31  3:15  SCV  
  32  3:21  Marine x3  
  35  3:29  Refinery  
  35  3:31  SCV  
  36  3:38  Marine  
  36  3:39  Marine x2  
  36  3:40  Starport  
  39  3:43  SCV  
  40  3:55  SCV  
  41  3:56  Marine  
  41  3:57  Marine x2  
  41  4:01  Combat Shield  
  44  4:07  Orbital Command  
  44  4:11  SCV  
  44  4:16  Medivac  
  47  4:23  Marine, SCV  
  49  4:24  Marine  
  49  4:27  Marine  
  51  4:32  Supply Depot  
  51  4:35  Factory Reactor  
  51  4:38  SCV  
  52  4:40  SCV  
  52  4:44  Marine  
  54  4:54  Medivac, Marine x2  
  54  4:55  SCV x2  
  60  5:00  Supply Depot  
  60  5:05  Marine  
  61  5:10  SCV  
  62  5:18  Marine  
  62  5:19  Marine, SCV  
  61  5:23  Marine  
  61  5:27  Supply Depot  
  62  5:33  SCV  
  62  5:34  SCV  
  62  5:35  Medivac x2, Marine  
  68  5:37  Marine  
  68  5:41  Marine  
  70  5:45  SCV  
  70  5:46  SCV  
  65  5:53  Marine  
  65  5:55  Marine  
  67  5:58  SCV x2  
  67  5:59  Marine  
  70  6:11  Marine  
  70  6:12  Marine  
  70  6:15  SCV x2  
  70  6:17  Marine  
  74  6:20  Refinery  
  74  6:27  Command Center  
  74  6:29  Marine  
  74  6:30  Marine  
  76  6:34  Marine  
  77  6:47  Marine  
  77  6:49  Barracks  
  77  6:50  Barracks  
  77  6:53  Barracks  
  78  6:55  Engineering Bay  
  78  6:56  Engineering Bay, Marine, SCV  
  78  7:17  Supply Depot  
  78  7:39  Marine x3, SCV x2  
  78  7:40  Barracks Reactor x3, Supply Depot  
  78  7:42  Terran Infantry Weapons Level 1, Terran Infantry Armor Level 1  
  83  7:51  SCV x2  
  83  7:56  Marine x3  
  88  8:02  Supply Depot  
  88  8:03  SCV x2  
  90  8:14  Marine x3  
  86  8:26  Marine x4  
  78  8:27  Orbital Command  
  78  8:32  Marine  
  74  8:35  Marine x2  
  74  8:36  Marine x2  
  74  8:39  Medivac x2  
  76  8:44  Marine x4  
  76  8:45  Factory Reactor  
  76  8:48  SCV x2  
  82  8:50  Marine  
  82  8:51  Supply Depot  
  82  8:53  Marine x3  
  82  8:54  Marine, SCV  
  88  8:56  Refinery  
  88  9:00  SCV x2  
  88  9:01  Marine  
  88  9:02  Marine x3  
  94  9:06  SCV  
  94  9:09  Medivac x2  
  90  9:12  SCV x2  
  90  9:15  Supply Depot  
  82  9:18  SCV  
  82  9:23  Marine x9  
  91  9:24  SCV x2  
  91  9:30  SCV  
  94  9:36  SCV x2  
  94  9:38  Supply Depot  
  96  9:39  Medivac x2  
  96  9:40  Marine  
  96  9:41  Marine x5  
  96  9:42  SCV  
  96  9:43  Marine x3  
  110  9:48  Armory, SCV x2, Supply Depot  
  110  9:50  Supply Depot  
  112  9:54  SCV  
  112  9:58  Marine x3  
  112  9:59  Marine x3  
  119  10:00  Marine  
  119  10:01  Marine x2  
  122  10:09  Medivac  
  122  10:10  Supply Depot  
  122  10:12  Supply Depot  
  124  10:16  Marine x3  
  127  10:44  Marine x3  
  127  10:45  Marine x6  
  135  11:02  Marine x5  
  135  11:03  Marine x4  
  127  11:20  Marine x6  
  127  11:21  Marine x3  
  146  11:41  Refinery  
  146  11:43  Refinery  
  146  11:45  Command Center  
  146  11:46  Command Center  
Show
View Real Time Build Order
Export as new Build Order

Xerxes Terran 

Build Orders: Liberator Opening 

Get SALT Encoding   

  12  0:01  SCV  
  13  0:13  SCV  
  14  0:19  Supply Depot  
  14  0:25  SCV  
  15  0:42  Barracks  
  15  0:43  SCV  
  15  0:49  Refinery  
  16  0:55  SCV  
  17  1:05  Supply Depot  
  17  1:07  SCV  
  18  1:20  SCV  
  19  1:29  Refinery  
  19  1:33  Reaper  
  19  1:36  Orbital Command  
  20  2:01  SCV  
  20  2:06  Factory  
  21  2:09  Barracks Tech Lab  
  21  2:15  SCV  
  22  2:28  SCV  
  23  2:37  Marine  
  23  2:40  SCV  
  25  3:01  Starport, SCV  
  26  3:05  Command Center  
  26  3:07  Siege Tank  
  26  3:08  Barracks Reactor  
  29  3:16  SCV  
  30  3:28  SCV  
  30  3:32  Engineering Bay  
  31  3:49  Supply Depot  
  31  3:52  Supply Depot  
  31  3:53  Liberator  
  30  4:02  SCV  
  31  4:07  Missile Turret  
  31  4:09  Liberator  
  31  4:11  Siege Tank  
  31  4:16  Supply Depot  
  37  4:20  Marine  
  37  4:22  Missile Turret  
  38  4:27  Orbital Command  
  41  4:31  SCV  
  42  4:40  Marine  
  42  4:43  SCV  
  42  4:44  Missile Turret  
  44  4:45  Siege Tank  
  47  5:00  Orbital Command  
  47  5:07  SCV  
  48  5:15  Factory  
  51  5:28  Siege Tank  
  51  5:29  Marine  
  51  5:34  Liberator  
  49  5:47  Marine  
  48  6:05  Marine  
  48  6:07  Factory Tech Lab  
  40  6:28  Siege Tank  
  40  6:31  SCV x2  
  39  6:42  Marine  
  39  6:43  SCV  
  39  6:44  Siege Tank  
  39  6:46  SCV  
  45  6:55  SCV  
  45  6:58  SCV  
  45  7:00  Marine  
  48  7:02  Cyclone  
  48  7:04  Refinery  
  48  7:05  Refinery  
  48  7:07  SCV, Command Center  
  52  7:10  SCV  
  53  7:18  Marine  
  53  7:20  SCV  
  53  7:22  Siege Tank  
  58  7:24  Liberator  
  61  7:52  Hellion  
  61  7:54  Hellion  
  65  8:16  Liberator  
  65  8:19  Cyclone  
  68  8:20  Factory  
  68  8:21  Armory  
  68  8:23  Factory  
  68  8:59  Orbital Command  
  64  9:04  Siege Tank x2  
  67  9:10  Marine  
  68  9:29  Factory Tech Lab  
  68  9:30  Terran Vehicle And Ship Armor Level 1  
  68  9:36  Siege Tank  
  68  9:37  Factory Tech Lab, SCV x3  
  74  9:44  Viking x2  
  78  9:49  SCV x2  
  80  10:07  Hellion, Siege Tank  
  85  10:29  Hellion, Marine  
  85  10:35  Viking  
  84  11:10  SCV  
  85  11:14  Refinery x2  
  85  11:19  Hellion, Supply Depot, SCV  
  85  11:20  Supply Depot  
  85  11:27  Supply Depot  
  85  11:35  SCV  
Show
View Real Time Build Order
Export as new Build Order

OpuS Protoss 

Build Orders: Blink Stalkers 

Get SALT Encoding   

  12  0:01  Probe  
  13  0:13  Probe  
  14  0:21  Pylon  
  14  0:25  Probe  
  15  0:38  Probe  
  15  0:41  Gateway  
  16  0:46  Probe  
  16  0:54  Probe  
  16  0:55  Assimilator  
  18  1:04  Probe  
  18  1:06  Forge  
  19  1:12  Probe  
  20  1:22  Probe  
  21  1:28  Cybernetics Core  
  21  1:34  Probe  
  21  1:36  Assimilator  
  22  1:42  Pylon  
  22  1:46  Probe  
  23  1:51  Pylon  
  23  2:04  Warp Gate  
  23  2:05  Stalker  
  23  2:08  Probe  
  26  2:16  Probe  
  27  2:25  Robotics Facility  
  27  2:35  Probe  
  27  2:41  Stalker  
  29  2:48  Gateway  
  29  2:53  Twilight Council  
  29  3:03  Gateway  
  28  3:13  Observer  
  28  3:17  Gateway  
  29  3:24  Stalker  
  31  3:29  Probe  
  31  3:32  Blink  
  32  3:58  Protoss Ground Weapons Level 1  
  32  4:00  Probe  
  33  4:07  Zealot x3  
  39  4:16  Pylon  
  39  4:22  Pylon  
  39  4:35  Probe  
  39  4:36  Zealot x3  
  46  4:40  Zealot  
  48  4:48  Pylon  
  48  4:51  Pylon  
  48  4:56  Stalker  
  37  5:23  Stalker  
  37  5:24  Stalker x2  
  37  5:27  Stalker  
  43  5:49  Stalker  
  37  5:50  Stalker x2  
  34  6:13  Stalker x3  
  40  6:18  Stalker  
  42  6:36  Robotics Bay  
  42  7:00  Stalker x4  
  50  7:02  Protoss Ground Armor Level 1  
  50  7:33  Nexus  
  50  7:42  Disruptor  
  51  7:55  Stalker  
  36  8:37  Stalker  
  31  8:59  Disruptor  
  30  9:05  Probe x2  
  35  9:17  Probe  
  36  9:42  Stalker, Pylon  
  38  10:15  Stalker x3  
  30  10:37  Stalker  
Show
View Real Time Build Order
Export as new Build Order

Sketchaphone Zerg 

Build Orders: Hatch First 

Get SALT Encoding   

  12  0:01  Drone  
  13  0:13  Overlord  
  13  0:19  Drone  
  14  0:27  Drone, Extractor  
  15  0:37  Drone x2  
  17  0:58  Hatchery  
  17  1:01  Drone  
  17  1:18  Spawning Pool  
  16  1:26  Drone  
  16  1:27  Drone x2  
  19  1:39  Overlord, Extractor  
  18  1:47  Drone  
  19  2:01  Drone  
  19  2:05  Queen  
  22  2:15  Drone  
  23  2:16  Drone  
  23  2:20  Hatchery, Drone  
  24  2:26  Drone  
  25  2:34  Spine Crawler  
  24  2:39  Drone  
  24  2:40  Queen  
  27  2:47  Overlord  
  27  2:56  Drone  
  27  2:57  Overlord  
  28  3:16  Queen  
  28  3:17  Spine Crawler  
  29  3:25  Zergling x10  
  29  3:26  Drone  
  35  3:31  Drone  
  35  3:33  Drone  
  37  3:35  Drone  
  38  3:43  Drone  
  38  3:44  Drone x2  
  41  3:49  Metabolic Boost  
  41  4:11  Drone  
  41  4:12  Drone x8  
  50  4:21  Roach Warren  
  50  4:22  Extractor  
  48  4:27  Spore Crawler  
  48  4:28  Overlord  
  47  4:39  Evolution Chamber  
  47  4:41  Evolution Chamber  
  45  4:49  Drone x3  
  48  5:05  Lair  
  48  5:06  Zerg Ground Armor Level 1  
  48  5:07  Zerg Missile Weapons Level 1  
  48  5:08  Zergling x12  
  48  5:13  Drone x3  
  57  5:14  Drone  
  54  5:25  Roach x2  
  58  5:45  Zergling x14  
  58  5:54  Overlord x2  
  58  6:00  Spine Crawler  
  58  6:01  Spine Crawler  
  55  6:20  Roach  
  55  6:21  Roach x4  
  55  6:25  Zergling x2  
  66  6:28  Roach  
  66  6:32  Roach x2  
  63  6:42  Roach  
  63  6:43  Roach x2, Ravager  
  63  6:45  Overlord  
  63  6:46  Overlord x2  
  66  6:54  Spore Crawler  
  65  6:55  Overlord  
  65  6:56  Drone  
  65  7:03  Queen x2  
  69  7:09  Zerg Ground Armor Level 2  
  69  7:12  Glial Reconstitution  
  69  7:16  Drone x2, Extractor  
  69  7:17  Drone, Extractor  
  69  7:18  Drone x3  
  69  7:19  Drone x2  
  75  7:26  Pneumatized Carapace  
  75  7:32  Drone  
  76  7:39  Queen x2  
  80  7:45  Overlord, Hatchery  
  79  7:56  Zerg Missile Weapons Level 2  
  80  8:00  Roach x2  
  83  8:11  Roach x2  
  57  8:13  Roach  
  57  8:14  Queen x2  
  57  8:15  Zergling x14  
  64  8:27  Queen  
  66  8:36  Drone x3  
  66  8:41  Drone x2  
  69  8:50  Queen  
  71  8:56  Queen  
  71  8:58  Drone  
  55  9:12  Drone x2  
  47  9:22  Zergling x14  
  45  9:31  Drone x2  
  45  9:32  Drone x2  
  45  9:35  Drone  
  51  9:38  Drone  
  51  9:39  Drone  
  51  9:43  Drone  
  51  9:44  Drone  
  54  9:47  Drone  
  49  10:02  Overlord  
  49  10:05  Drone x2  
  49  10:06  Drone x6  
  54  10:09  Drone  
  43  10:52  Zergling x36  
  61  11:09  Drone x3  
  61  11:10  Extractor  
  49  11:20  Zergling x6  
Tags
 
Add a new tag
Caveats
  • Supply blocks, unpowered buildings, or Contaminate may cause inaccurate times.
  • Supply counts are checked every 10 seconds.